 Dungeon Crawl Stone Soup version 0.28.0 (webtiles) character file.

Game seed: 4635745123238914905

69 croobank the Grasshopper (level 4, 0/26 HPs)
             Began as a Deep Elf Warper on Feb 6, 2022.
             Was an Initiate of Gozag.
             Succumbed to an adder's poison
             ... on level 3 of the Dungeon.
             The game lasted 00:17:01 (3506 turns).

croobank the Grasshopper (Deep Elf Warper)          Turns: 3506, Time: 00:17:02

Health: 0/26       AC:  6    Str: 10    XL:     4   Next: 2%
Magic:  10/10      EV:  9    Int: 18    God:    Gozag
Gold:   268        SH:  7    Dex: 14    Spells: 7/9 levels left

rFire   . . .      SeeInvis .   a - +0 short sword
rCold   . . .      Faith    .   g - +0 kite shield
rNeg    . . .      Spirit   .   f - +0 ring mail
rPois   .          Reflect  .   (no helmet)
rElec   .          Harm     .   (no cloak)
rCorr   .          Rampage  .   (no gloves)
Will    .....                   j - +0 pair of boots
Stlth   +.........              (no amulet)
HPRegen 0.08/turn               (no ring)
MPRegen 0.12/turn               (no ring)

@: lethally poisoned (0 -> -5), gold aura
A: no striking features
a: Renounce Religion, Potion Petition, Call Merchant, Bribe Branch


You were on level 3 of the Dungeon.
You worshipped Gozag.
Gozag was aware of your devotion.
You visited 1 branch of the dungeon, and saw 3 of its levels.

You collected 328 gold pieces.
You spent 60 gold pieces at shops.

Inventory:

Hand Weapons
 a - a +0 short sword (weapon)
Missiles
 d - 2 boomerangs of dispersal (quivered)
 e - 15 bolts
 h - 81 stones
 i - 39 arrows
Armour
 b - a +0 leather armour
 f - a +0 ring mail (worn)
 g - a +0 kite shield (worn)
 j - a +0 pair of boots (worn)
Scrolls
 m - 2 scrolls of teleportation


   Skills:
 + Level 2.0 Fighting
 + Level 2.2 Short Blades
 + Level 1.0 Throwing
 + Level 1.5 Armour
 + Level 3.2 Dodging
 * Level 1.1 Shields
 + Level 3.0 Spellcasting
 + Level 3.5 Translocations


You had 7 spell levels left.
You knew the following spells:

 Your Spells              Type           Power      Damage    Failure   Level
a - Blink                 Tloc           30%        N/A       43%         2

Your spell library contained the following spells:

 Spells                   Type           Power      Damage    Failure   Level
 Gell's Gravitas          Tloc           15%        N/A       67%         3
 Lesser Beckoning         Tloc           15%        N/A       67%         3
 Teleport Other           Tloc           15%        N/A       67%         3
 Conjure Flame            Conj/Fire      2%         6-21      99%         3
 Ignite Poison            Fire/Tmut/Pois 2%         N/A       99%         3
 Sticky Flame             Conj/Fire      2%         2d3       100%        4
 Manifold Assault         Tloc           15%        N/A       100%        5


Dungeon Overview and Level Annotations

Branches:
Dungeon (3/15)

Altars:
Ashenzari
Gozag

Shops:
D:2 *

Annotations:
D:2 1 runed translucent door, Crazy Yiuf, Terence


Message History

The boomerang of dispersal barely misses the adder.
The boomerang of dispersal barely misses the goblin.
You feel sick. The adder barely misses you.
The adder is distracted by your dazzling golden aura.
You closely miss the adder.
The adder is no longer distracted by gold.
The adder is severely wounded.
You feel sick.
You are no longer poisoned.
The adder is distracted by your dazzling golden aura.
You miss the adder.
The adder is no longer distracted by gold.
The adder hisses angrily.
The adder is severely wounded.
You block the adder's attack. The adder bites you but does no damage.
You closely miss the adder.
The adder is severely wounded.
The adder bites you.
* * * LOW HITPOINT WARNING * * *
You are poisoned.
The adder poisons you! The adder bites you.
* * * LOW HITPOINT WARNING * * *
You are more poisoned.
The adder poisons you!
You aren't carrying any potions.
Blink to where?
Press: ? - help, Dir - move target, p - adder
As you read the scroll of blinking, it crumbles to dust.
* * * LOW HITPOINT WARNING * * *
You feel sick.
Okay, then.
Casting: Blink (quite dangerous; 43% risk of failure)
Confirm with . or Enter, or press ? or * to list all spells.
Okay, then.
As you read the scroll labelled BUD PECKEIC, it crumbles to dust.
The scroll dissolves into smoke.
It was a scroll of fog.
* * * LOW HITPOINT WARNING * * *
You feel sick.
You die...
Your body crumbles into a pile of gold.

#....$.#...#
.......#...##
$g.S.>......#
.......#....#
.#######$...#
#....# #....#
#§§§.#######
#§§§@gS..§.#
#§§§######.#
#.§§# #.#
#§§§# #.#
##### #.# #.#
#.# #.# #.#


You could see an adder and a goblin.

Vanquished Creatures
  An adder (D:2)
  A dart slug (D:3)
  An orc (D:3)
  5 endoplasms (D:1)
  3 giant cockroaches
  6 goblins
  6 hobgoblins
  3 jackals (D:2)
  A quokka (D:2)
  4 ball pythons
  6 bats
  3 frilled lizards
  9 kobolds
  2 rats
51 creatures vanquished.

Notes
Turn   | Place    | Note
-------+----------+-------------------------------------------
     0 | D:1      | croobank the Deep Elf Warper began the quest for the Orb.
     0 | D:1      | Reached XP level 1. HP: 12/12 MP: 6/6
   365 | D:1      | Found a faded altar of an unknown god.
   396 | D:1      | Reached XP level 2. HP: 7/17 MP: 8/8
   666 | D:1      | Prayed at the altar of an unknown god.
   666 | D:1      | Became a worshipper of Gozag Ym Sagoz the Greedy
   727 | D:1      | Reached skill level 1 in Armour
  1438 | D:1      | Learned a level 2 spell: Blink
  1788 | D:1      | Reached XP level 3. HP: 8/21 MP: 9/9
  2263 | D:2      | Found a runed translucent door.
  2264 | D:2      | Noticed Crazy Yiuf
  2514 | D:2      | Found a broken altar of Ashenzari.
  2526 | D:2      | Found Hysaiwaski's Assorted Antiques.
  2547 | D:2      | Bought a scroll labelled EFODGH BAFFO for 30 gold pieces
  2547 | D:2      | Bought a scroll labelled BUD PECKEIC for 30 gold pieces
  2987 | D:3      | Noticed Terence
  3349 | D:3      | Reached skill level 1 in Shields
  3499 | D:3      | Reached XP level 4. HP: 11/26 MP: 10/10
  3505 | D:3      | HP: 1/26 [poisoned by an adder]
  3506 | D:3      | Succumbed to an adder's poison

Illustrated notes

Levels and vault maps discovered:
D:1:      sevenhm_arrival_forest_fort_large_1, layout_rooms,
          basic_ecumenical_altar, minmay_tiny_reverse_x
D:2:      layout_loops_ring, serial_shops, shop, basic_altar,
          nicolae_figureground_sparkle, uniq_crazy_yiuf_cottage
D:3:      layout_basic, hex_tiny, uniq_terence

Skill      XL: |  1  2  3 |
---------------+----------+-----
Armour         | 1 |  1.5
Dodging        | 3 |  3.2
Fighting       | 2 |  2.0
Shields        | 1 |  1.1
Short Blades   | |  2.2
Throwing       | |  1.0
Spellcasting   | |  3.0
Translocations | |  3.5

Action                   |  1- 3 |  4- 6 || total
-------------------------+-------+-------++-------
Melee: Short sword       |   268 |     3 ||   271
       Punch             |     1 |       ||     1
Throw: Boomerang         |     1 |     2 ||     3
 Cast: Blink             |     1 |       ||     1
  Use: Scroll            |     3 |     2 ||     5
       Potion            |     3 |       ||     3
 Stab: Distracted        |     1 |       ||     1
Armor: Leather armour    |    79 |       ||    79
       Ring mail         |    26 |     2 ||    28
Dodge: Dodged            |   153 |     2 ||   155
Block: Kite shield       |    90 |     1 ||    91
